 Dungeon Crawl Stone Soup version 0.19-a0-1686-g35356ef (webtiles) character file.

327544 tsouns the Executioner (level 21, -4/204 HPs)
             Began as a Hill Orc Abyssal Knight on Sept 18, 2016.
             Was the Champion of Lugonu.
             Killed from afar by a deep elf mage (20 damage)
             ... with a shard of ice
             ... on level 1 of the Elven Halls on Sept 25, 2016.
             The game lasted 02:55:17 (49022 turns).

tsouns the Executioner (Hill Orc Abyssal Knight)   Turns: 49022, Time: 02:55:18

Health: -4/204     AC: 20    Str: 26    XL:     21   Next: 67%
Magic:  0/31       EV: 12    Int: 12    God:    Lugonu [******]
Gold:   975        SH:  0    Dex:  8    Spells: 1 memorised, 18 levels left

rFire  + + .     SeeInvis .     N - +4 battleaxe (distort)
rCold  . . .     Gourm    .     P - +7 plate armour of Ladders and Snakes {+Inv rPois Dex-4}
rNeg   + + .     Faith    .     (shield currently unavailable)
rPois  +         Spirit   +     z - +2 hat
rElec  .         Dismiss  .     a - +2 cloak
rCorr  .         Reflect  .     e - +2 pair of gloves {archery}
MR     +....     Harm     .     K - +2 pair of boots
Stlth  ..........               E - amulet "Cirianwe" {Spirit rF+ Str+3 Stlth+}
                                s - ring "Ducaus" {rPois rN++}
                                q - ring of protection from fire

@: about to teleport, corroded
A: molten scales 1
a: Depart the Abyss, Bend Space, Banish, Corrupt, Enter the Abyss, Renounce
Religion, Evoke Invisibility
}: 2/15 runes: decaying, serpentine


You were on level 1 of the Elven Halls.
You worshipped Lugonu.
Lugonu was exalted by your worship.
You were not hungry.

You visited 8 branches of the dungeon, and saw 37 of its levels.
You visited the Abyss 1 time.
You visited 1 bazaar.
You also visited: Labyrinth.

You collected 4584 gold pieces.
You spent 3609 gold pieces at shops.

Inventory:

Hand Weapons
 x - a +8 executioner's axe of draining
 N - a +4 battleaxe of distortion (weapon)
Missiles
 w - 4 throwing nets (quivered)
 L - 6 steel tomahawks
Armour
 a - a +2 cloak (worn)
 e - a +2 pair of gloves of archery (worn)
 z - a +2 hat (worn)
 K - a +2 pair of boots (worn)
 P - the +7 plate armour of Ladders and Snakes (worn) {+Inv rPois Dex-4}
   (You found it on level 15 of the Dungeon)

   It affects your dexterity (-4).
   It protects you from poison.
   It lets you turn invisible.
Jewellery
 q - a ring of protection from fire (left hand)
 s - the ring "Ducaus" (right hand) {rPois rN++}
   (You found it in a labyrinth)

   [ring of poison resistance]

   It protects you from poison.
   It greatly protects you from negative energy.
 E - the amulet "Cirianwe" (around neck) {Spirit rF+ Str+3 Stlth+}
   (You bought it in a shop on level 1 of the Snake Pit)

   [amulet of guardian spirit]

   It causes incoming damage to be split between your health and magic.
   It affects your strength (+3).
   It protects you from fire.
   It makes you more stealthy.
 O - the ring of Qidoiwer {rElec rC- Str+2 Int+7 SInv}
   (You found it on level 2 of the Lair of Beasts)

   [ring of see invisible]

   It affects your strength (+2).
   It affects your intelligence (+7).
   It makes you vulnerable to cold.
   It insulates you from electricity.
   It lets you see invisible.
Wands
 b - a wand of heal wounds (0/9)
 r - a wand of teleportation (4/9)
 u - a wand of digging (7/24)
 Q - a wand of heal wounds (5/9)
 S - a wand of confusion (16/48)
 T - a wand of polymorph (17/24)
 Y - a wand of iceblast (5/15)
Scrolls
 c - a scroll of brand weapon
 j - 4 scrolls of fog
 k - 8 scrolls of blinking
 l - 7 scrolls of magic mapping
 m - 6 scrolls of recharging
 y - 8 scrolls of identify
 A - 12 scrolls of teleportation
 B - 14 scrolls of remove curse
 F - 2 scrolls of summoning
 U - 3 scrolls of enchant armour
 V - a scroll of silence
 Z - 3 scrolls of fear
Potions
 d - 18 potions of curing
 f - a potion of resistance
 g - 2 potions of brilliance
 i - a potion of cure mutation
 n - 6 potions of might
 p - 4 potions of ambrosia
 C - a potion of berserk rage
 D - 3 potions of flight
 G - 5 potions of heal wounds
 I - 7 potions of cancellation
 J - 5 potions of haste
 W - 3 potions of agility
Miscellaneous
 t - a box of beasts
 H - a sack of spiders
 R - a phial of floods
 X - a fan of gales
Comestibles
 o - 16 fruits
 M - 12 meat rations


   Skills:
 + Level 21.2 Fighting
 - Level 25.3 Axes
 + Level 16.3 Armour
 + Level 12.4 Dodging
 + Level 0.8 Stealth
 - Level 14.2 Invocations
 - Level 10.3 Evocations


You had 18 spell levels left.
You knew the following spells:

 Your Spells              Type           Power        Failure   Level  Hunger
a - Repel Missiles        Chrm/Air       #.....       100%        2    ###....


Dungeon Overview and Level Annotations

Branches:
Dungeon (15/15)            Temple (0/1) D:5            Lair (6/6) D:8
  Swamp (4/4) Lair:3        Snake (4/4) Lair:3        Slime (0/5) Lair:6
    Orc (2/2) D:9             Elf (1/3) Orc:2        Vaults (4/5) D:14
  Crypt (0/3) Vaults:2     Depths (1/5) D:15

Altars:
Ashenzari
Dithmenos
Fedhas
Hepliaklqana
Qazlal
Ru
Vehumet
Xom
Yredelemnul
The Shining One

Shops:
D:4 (}   D:9 }   D:12 [   D:13 (:[   D:15 }   Orc:1 (   Orc:2 ?([*:
Snake:1 =}=   Snake:3 }   Vaults:2 *   Vaults:3 !

Portals:
Hell: Depths:1

Annotations:
Swamp:4 Mara
Snake:4 corrupted
Vaults:4 Mennas


Innate Abilities, Weirdness & Mutations

You are partially covered in molten scales. (AC +2)


Message History

The deep elf knight looks slightly unstable.
The deep elf knight hits you with a short sword!
* * * LOW HITPOINT WARNING * * *
The deep elf mage casts a spell.
The deep elf mage blinks!
As you read the scroll of teleportation, it crumbles to dust.
You feel strangely unstable.
The deep elf knight hits you but does no damage.
The deep elf mage hits you but does no damage.
The deep elf knight points at you and mumbles some strange words.
The stone arrow hits you!
* * * LOW HITPOINT WARNING * * *
The smoke demon gestures at you. Something smites you!
* * * LOW HITPOINT WARNING * * *
You feel better.
The deep elf knight disappears!
The deep elf mage gestures wildly while chanting.
The deep elf mage points at you and mumbles some strange words.
The shard of ice hits you!
You die...

*****##**#.# ***#######.#
,,,......#.# ,**#####.#.#
***##***** ,**#####.#.#
*,e.,,,,,* ,,,....#(#.#
*###.#*****,* ,,,..#.#.#.##
*.e.,,,,* *,*
,,...#.#..E.#####e#*,**,* *,*
,,.......r)eeee§@.#*,**,* *,*
**##.####s3(#######*,**,***,*
*,,..,,,#(§## *...,,,,,,,,*
*,,,,,,,#)§# **.###,*,*****
*,,,,,,,#§§# *,## **,,*
,,,,8,ee.e'#* *,* *,,*
*,,,,...#..e** *,** **,**
*,,....(#....****,***,**
*,,....,#.....***,,,,,*


You could see 2 deep elf archers, 5 deep elf magi, a smoke demon, a fire
elemental, a redback and a hell rat.

Vanquished Creatures
  Vashnia (Snake:2)
  The ghost of 4thArraOfDagon the Brawler, an adept TrMo of Qazlal (Snake:3)
  2 thorn hunters
  A shadow dragon (Vaults:3)
  A sphinx (Vaults:3)
  Kirke (Lair:5)
  Roxanne (Swamp:3)
  A tengu reaver (Vaults:3)
  5 greater nagas
  3 orc warlords (Orc:2)
  6 vault wardens
  A ghoul (Vaults:3)
  8 ironheart preservers
  2 very ugly things
  4 stone giants
  A vampire knight (Depths:1)
  Azrael (Snake:2)
  3 deep elf demonologists
  An ettin (Depths:1)
  A deep elf death mage (Elf:1)
  A crystal guardian (Vaults:4)
  6 yaktaur captains
  4 great orbs of eyes
  A minotaur (Lab)
  A hell beast (Depths:1)
  4 rakshasas
  6 fire dragons
  9 hydras
  3 vault guards (Vaults:3)
  3 ice dragons
  A catoblepas (Lair:6)
  14 anacondas
  A ghost crab (Swamp:3)
  13 naga warriors
  9 centaur warriors
  2 death knights (Vaults:3)
  9 ogre magi
  18 death yaks
  5 alligators
  2 dancing weapons (Elf:1)
  A vampire mage (Vaults:2)
  A deep troll shaman (Lair:6)
  A tengu warrior (D:12)
  11 shock serpents
  15 naga sharpshooters
  7 deep elf knights
  4 orc high priests (Orc:2)
  The ghost of Ruebezahl the Basher, a novice GrCK of Xom (D:8)
  Nergalle (Orc:1)
  A fire crab (shapeshifter) (D:15)
  5 salamander mystics (Snake:4)
  19 skeletal warriors
  9 deep trolls
  5 unseen horrors
  2 wizards (Vaults:3)
  4 deep elf archers
  9 swamp dragons
  3 glowing orange brains
  10 ironbrand convokers
  7 naga ritualists
  10 hill giants
  7 lindwurms
  2 phantasmal warriors
  A necromancer (Depths:1)
  2 shambling mangroves
  8 harpies
  14 mana vipers
  18 orc knights
  6 wolf spiders
  8 salamanders
  5 hornets
  48 ugly things
  A salamander (shapeshifter) (D:15)
  10 deep elf magi
  An orb spider (shapeshifter) (Vaults:3)
  9 orc sorcerers
  7 cyclopes
  4 elephants
  3 manticores (D:15)
  5 vault sentinels
  23 naga magi
  An elephant (shapeshifter) (D:13)
  8 guardian serpents
  A rust devil (Depths:1)
  53 black mambas
  4 gargoyles
  Maurice (D:8)
  2 rime drakes
  17 spiny frogs
  7 freezing wraiths
  A komodo dragon (shapeshifter) (Depths:1)
  4 komodo dragons
  31 yaktaurs
  A troll (shapeshifter) (Vaults:4)
  A tengu conjurer (Depths:1)
  9 trolls
  4 polar bears
  An ice devil (Depths:1)
  A queen bee (D:9)
  A queen bee (shapeshifter) (D:15)
  A tengu simulacrum (Vaults:3)
  A red devil (Depths:1)
  A bog body (Swamp:3)
  11 tyrant leeches
  62 slime creatures
  2 raiju (shapeshifter)
  27 blink frogs
  23 two-headed ogres
  2 wolf spider simulacra (D:15)
  18 hippogriffs
  4 centaur simulacra (D:15)
  3 vampires
  Sigmund (D:2)
  2 shadows
  4 water elementals
  3 wraiths
  5 redbacks
  63 yaks
  2 wyverns
  Eustachio (D:4)
  A basilisk (shapeshifter) (Elf:1)
  2 golden eyes (shapeshifter)
  Grum (D:11)
  2 basilisks
  5 fire elementals
  35 vampire mosquitoes
  A hungry ghost (D:12)
  Menkaure (D:5)
  9 wargs
  12 insubstantial wisps
  3 mottled dragons
  38 nagas
  A harpy simulacrum (D:15)
  A soldier ant (D:14)
  2 hell hounds (Snake:2)
  12 swamp worms
  11 water moccasins
  6 porcupines
  10 swamp drakes
  A spriggan simulacrum (Depths:1)
  8 ice beasts
  64 orc warriors
  6 sky beasts
  2 black bears
  A meliai simulacrum (D:15)
  29 ogres
  21 wolves
  5 boggarts (Vaults:1)
  2 eyes of draining
  8 wasps
  3 phantoms
  A necrophage (D:11)
  16 centaurs
  A centaur (shapeshifter) (Vaults:3)
  2 big kobolds
  13 crocodiles
  16 bullfrogs
  2 wyvern skeletons
  6 scorpions
  16 killer bees
  5 wights (D:8)
  5 howler monkeys
  A vampire bat (Lair:2)
  2 electric eels (D:15)
  5 crimson imps
  A bullfrog zombie (D:11)
  7 centaur zombies
  5 hounds
  6 jellies
  2 quasits
  3 bullfrog skeletons
  27 orc priests
  Natasha (thrice) (D:2 D:3)
  6 centaur skeletons
  Jessica (D:2)
  Ijyb (D:2)
  43 orc wizards
  11 worker ants
  15 iguanas
  Robin (D:2)
  3 gnolls (D:3)
  18 adders
  38 river rats
  3 white imps (D:15)
  2 ufetubi (D:15)
  An ooze (D:5)
  2 adder zombies
  5 worms
  4 dart slugs (D:1)
  6 leopard geckos
  141 orcs
  A ball python (D:2)
  14 bats
  8 giant cockroaches
  19 goblins
  12 hobgoblins
  12 jackals
  16 kobolds
  4 quokkas
  5 frilled lizards
  A giant cockroach zombie (D:5)
  A quokka zombie (D:8)
  6 rats
  A briar patch (Swamp:4)
  A fungus (Lair:5)
  2 plants
1701 creatures vanquished.

Vanquished Creatures (collateral kills)
  A lich (Depths:1)
  An ice dragon (Depths:1)
  A centaur warrior (Depths:1)
  An orc high priest (Orc:1)
  A golden dragon zombie (Depths:1)
  A phantasmal warrior (Depths:1)
  A fire dragon zombie (Depths:1)
  2 killer bees (D:9)
9 creatures vanquished.

Vanquished Creatures (others)
  5 greater nagas (Snake:4)
  4 naga warriors (Snake:4)
  3 hydras
  An alligator (Swamp:3)
  3 naga sharpshooters (Snake:4)
  A naga ritualist (Snake:4)
  A deep elf archer (Elf:1)
  A lindwurm (Snake:4)
  A guardian serpent (Snake:4)
  5 naga magi (Snake:4)
  A slime creature (Vaults:2)
  3 humans (Lair:6)
  2 vampire mosquitoes
  3 nagas (Snake:4)
  An orc warrior (Orc:1)
  An orc wizard (D:12)
  An adder zombie (D:5)
  An orc (Orc:1)
  A quokka (D:5)
  A leopard gecko zombie (D:5)
  2 briar patches (Swamp:4)
  10 fungi
  6 plants (Lair:6)
  4 starspawn tentacles (Snake:4)
62 creatures vanquished.

Grand Total: 1772 creatures vanquished

Notes
Turn   | Place    | Note
-------+----------+-------------------------------------------
     0 | Abyss:1  | tsouns the Hill Orc Abyssal Knight began the quest for the Orb.
     0 | Abyss:1  | Reached XP level 1. HP: 19/19 MP: 2/2
     7 | Abyss:1  | Found a corrupted altar of Lugonu.
    17 | D:1      | Escaped the Abyss
    76 | D:1      | Reached skill level 3 in Axes
   112 | D:1      | Reached XP level 2. HP: 18/27 MP: 3/3
   238 | D:1      | Reached skill level 4 in Axes
   240 | D:1      | Reached XP level 3. HP: 18/33 MP: 4/4
   311 | D:1      | Reached ** piety under Lugonu
   756 | D:2      | Noticed Natasha
   774 | D:2      | Killed Natasha
   774 | D:2      | Reached skill level 5 in Axes
   774 | D:2      | Reached XP level 4. HP: 19/40 MP: 5/5
   957 | D:2      | Noticed Ijyb
   970 | D:2      | Killed Ijyb
  1013 | D:2      | Noticed Jessica
  1029 | D:2      | HP: 2/41 [Jessica/dagger (5)]
  1033 | D:2      | Killed Jessica
  1033 | D:2      | Reached XP level 5. HP: 3/47 MP: 6/6
  1068 | D:2      | Reached skill level 6 in Axes
  1565 | D:2      | Noticed Sigmund
  1580 | D:2      | Killed Sigmund
  1580 | D:2      | Reached skill level 5 in Fighting
  1580 | D:2      | Reached skill level 7 in Axes
  1580 | D:2      | Reached XP level 6. HP: 38/56 MP: 8/8
  1882 | D:2      | Noticed Natasha
  1895 | D:2      | Killed Natasha
  2052 | D:2      | Reached *** piety under Lugonu
  2270 | D:3      | Noticed Robin
  2277 | D:2      | Killed Robin
  2598 | D:3      | Reached XP level 7. HP: 50/61 MP: 10/10
  2607 | D:3      | Found a shattered altar of Ashenzari.
  2616 | D:3      | Noticed Natasha
  2624 | D:3      | Killed Natasha
  3626 | D:4      | Reached **** piety under Lugonu
  3652 | D:4      | Found Veite's Gadget Shoppe.
  3722 | D:4      | Found Teituwaj's Antique Weapon Shoppe.
  3725 | D:4      | Bought a runed hand axe for 63 gold pieces
  3858 | D:4      | Reached skill level 8 in Axes
  4021 | D:4      | Noticed Eustachio
  4039 | D:4      | Killed Eustachio
  4226 | D:5      | Entered Level 5 of the Dungeon
  4226 | D:5      | Found a staircase to the Ecumenical Temple.
  4230 | D:5      | Reached XP level 8. HP: 71/71 MP: 11/11
  4433 | D:5      | Found a hazy altar of Hepliaklqana.
  4523 | D:5      | Noticed Menkaure
  4536 | D:5      | Killed Menkaure
  4536 | D:5      | Reached skill level 9 in Axes
  4536 | D:5      | Reached skill level 5 in Armour
  4654 | D:5      | Found a shimmering altar of Xom.
  4673 | D:5      | Found a stormy altar of Qazlal.
  4735 | D:5      | Found a sacrificial altar of Ru.
  4980 | D:5      | Found a blossoming altar of Fedhas.
  5816 | D:6      | Reached XP level 9. HP: 77/81 MP: 12/12
  5851 | D:6      | Reached ***** piety under Lugonu
  5851 | D:6      | Reached skill level 10 in Axes
  5904 | D:6      | Found a glowing golden altar of the Shining One.
  6114 | D:6      | Found a basalt altar of Yredelemnul.
  6814 | D:7      | Found a radiant altar of Vehumet.
  6850 | D:7      | Reached skill level 11 in Axes
  6850 | D:7      | Reached skill level 5 in Invocations
  7560 | D:8      | Reached XP level 10. HP: 84/91 MP: 15/15
  7680 | D:8      | Noticed an elephant
  7680 | D:8      | Found a staircase to the Lair.
  7720 | D:8      | Killed an elephant
  7741 | D:8      | Noticed Grum
  7750 | D:8      | Noticed Ruebezahl's ghost (novice GrCK)
  8094 | D:7      | Reached skill level 12 in Axes
  8104 | D:8      | Noticed Maurice
  8588 | D:8      | Killed Maurice
  8859 | D:8      | Killed Ruebezahl's ghost
  8859 | D:8      | Reached skill level 10 in Fighting
  8974 | D:8      | Found a shimmering altar of Xom.
  9121 | D:8      | Reached XP level 11. HP: 70/100 MP: 17/17
  9257 | Lair:1   | Entered Level 1 of the Lair of Beasts
  9330 | Lair:1   | Reached skill level 13 in Axes
 10959 | Lair:2   | Noticed a seven-headed hydra
 10967 | Lair:2   | Banished a seven-headed hydra
 11011 | Lair:2   | Reached skill level 14 in Axes
 11060 | Lair:2   | Got a translucent turquoise ring
 11061 | Lair:2   | Identified the ring of Qidoiwer {rElec rC- Str+2 Int+7 SInv} (You found it on level 2 of the Lair of Beasts)
 11100 | Lair:2   | Reached skill level 10 in Armour
 11254 | Lair:2   | Noticed a six-headed hydra
 11254 | Lair:2   | Banished a six-headed hydra
 12429 | Lair:3   | Reached XP level 12. HP: 100/112 MP: 18/18
 12516 | Lair:3   | Found a staircase to the Snake Pit.
 13085 | Lair:3   | Reached skill level 15 in Axes
 13648 | Lair:3   | Found a staircase to the Swamp.
 13648 | Lair:3   | Noticed a seven-headed hydra
 13657 | Lair:3   | Banished a seven-headed hydra
 13657 | Lair:3   | Reached skill level 1 in Dodging
 15010 | Lair:5   | Noticed a death yak
 15033 | Lair:5   | Killed a death yak
 15045 | Lair:5   | Noticed a death yak
 15048 | Lair:5   | Noticed a death yak
 15054 | Lair:5   | Noticed a death yak
 15086 | Lair:5   | Killed a death yak
 15101 | Lair:5   | Killed a death yak
 15103 | Lair:5   | Killed a death yak
 15723 | Lair:6   | Entered Level 6 of the Lair of Beasts
 15725 | Lair:6   | Reached XP level 13. HP: 122/122 MP: 19/19
 15806 | Lair:6   | Reached skill level 16 in Axes
 15835 | Lair:6   | Learned a level 2 spell: Repel Missiles
 16010 | Lair:6   | Noticed Kirke
 16250 | Lair:5   | Noticed a sphinx
 16462 | Lair:5   | Killed Kirke
 16835 | Lair:6   | Reached skill level 5 in Dodging
 17290 | Lair:6   | Found a staircase to the Slime Pits.
 18000 | Lair:6   | Reached skill level 17 in Axes
 18099 | Lair:6   | Reached skill level 15 in Fighting
 18281 | Lair:6   | Reached XP level 14. HP: 106/135 MP: 20/20
 18714 | D:9      | Found Zijukkih's Gadget Boutique.
 18825 | D:4      | Bought a wand of heal wounds (4/9) for 480 gold pieces
 18825 | D:4      | Bought a phial of floods for 400 gold pieces
 19018 | D:9      | You fall through a shaft for 2 floors!
 19024 | D:10     | Entered Level 10 of the Dungeon
 19168 | D:9      | Found a staircase to the Orcish Mines.
 20900 | D:11     | Reached skill level 18 in Axes
 20933 | D:11     | Killed Grum
 21734 | D:12     | Found a flickering gateway to a bazaar.
 21781 | Bazaar   | Entered a bazaar
 21781 | Bazaar   | Found Doerext's Distillery.
 21781 | Bazaar   | Found Ejan's Armour Boutique.
 21781 | Bazaar   | Found Helory's Antique Weapon Boutique.
 21781 | Bazaar   | Found Bapiq's Assorted Antiques.
 21781 | Bazaar   | Found Ymuarch's Assorted Antiques.
 21781 | Bazaar   | Found Kann's Distillery.
 21787 | Bazaar   | Bought a scroll labeled TINLAK COY for 26 gold pieces
 21787 | Bazaar   | Bought a scroll labeled DINLO EMEPSOE for 26 gold pieces
 21808 | Bazaar   | Bought a potion of curing for 42 gold pieces
 21808 | Bazaar   | Bought a potion of mutation for 35 gold pieces
 21808 | Bazaar   | Bought 2 potions of curing for 84 gold pieces
 21810 | Bazaar   | Bought a scroll of identify for 60 gold pieces
 21812 | Bazaar   | Bought a potion of curing for 36 gold pieces
 21812 | Bazaar   | Bought a potion of heal wounds for 60 gold pieces
 21812 | Bazaar   | Bought a potion of flight for 36 gold pieces
 21817 | Bazaar   | Bought a potion of curing for 42 gold pieces
 21897 | D:12     | Found Guogruaq's Armour Emporium.
 23422 | D:13     | Found Emakomna's Antique Armour Boutique.
 23424 | D:13     | Reached ****** piety under Lugonu
 23428 | D:13     | Reached XP level 15. HP: 133/144 MP: 21/21
 23448 | D:13     | Found Aluymaihae's Book Shoppe.
 23465 | D:13     | Reached skill level 19 in Axes
 23910 | D:13     | Found Fono's Weapon Emporium.
 24327 | D:14     | Found a shadowy altar of Dithmenos.
 24328 | D:14     | Identified a +4 battleaxe of distortion (a +2 battleaxe corrupted by Lugonu)
 24328 | D:14     | Received a gift from Lugonu
 24567 | D:14     | Found a gate to the Vaults.
 25373 | D:15     | Entered Level 15 of the Dungeon
 25373 | D:15     | Found a labyrinth entrance.
 25397 | Lab      | Entered a labyrinth
 25753 | Lab      | Reached skill level 20 in Axes
 25765 | Lab      | Got a flickering tin ring
 25766 | Lab      | Identified the ring "Ducaus" {rPois rN++} (You found it in a labyrinth)
 25772 | Lab      | Identified a +7 rod of ignition (11/11) (You found it in a labyrinth)
 26708 | D:15     | Found a staircase to the Depths.
 27179 | D:15     | Found Ituepres's Gadget Emporium.
 27294 | D:15     | Reached XP level 16. HP: 26/154 MP: 22/22
 28394 | D:15     | Got a shimmering plate armour
 28407 | D:15     | Identified the +7 plate armour of Ladders and Snakes {+Inv rPois Dex-4} (You found it on level 15 of the Dungeon)
 28541 | D:15     | Reached skill level 21 in Axes
 28803 | Snake:1  | Entered Level 1 of the Snake Pit
 29270 | Snake:1  | Found Joerph's Jewellery Shop.
 29270 | Snake:1  | Found Tavyf's Gadget Shoppe.
 29276 | Snake:1  | Found Qooph's Jewellery Shop.
 29291 | Snake:1  | Bought the amulet "Cirianwe" {Spirit rF+ Str+3 Stlth+} for 743 gold pieces
 29970 | Snake:2  | Noticed Vashnia
 30047 | Snake:2  | Killed Vashnia
 30047 | Snake:2  | Reached skill level 22 in Axes
 30300 | Snake:2  | Noticed a greater naga
 30313 | Snake:2  | Killed a greater naga
 30588 | Snake:2  | Reached skill level 1 in Evocations
 30593 | Snake:2  | Noticed Azrael
 30602 | Snake:2  | Killed Azrael
 30743 | Snake:2  | Reached XP level 17. HP: 110/163 MP: 15/23
 31256 | Snake:3  | Found Nunt's Gadget Shoppe.
 31615 | Snake:3  | Noticed 4thArraOfDagon's ghost (adept TrMo)
 31638 | Snake:3  | Killed 4thArraOfDagon's ghost
 32321 | Snake:3  | Reached skill level 23 in Axes
 32861 | Snake:4  | Entered Level 4 of the Snake Pit
 33170 | Snake:4  | Reached skill level 5 in Evocations
 34965 | Snake:4  | Reached XP level 18. HP: 130/176 MP: 19/24
 35074 | Snake:4  | Got a serpentine rune of Zot
 35436 | Snake:4  | Corrupted Snake:4
 35784 | Snake:4  | Reached skill level 10 in Dodging
 36083 | Swamp:1  | Entered Level 1 of the Swamp
 37350 | Swamp:3  | Reached skill level 10 in Invocations
 37540 | Swamp:3  | Noticed Roxanne
 37559 | Swamp:3  | Killed Roxanne
 37843 | Swamp:4  | Entered Level 4 of the Swamp
 38257 | Swamp:4  | Reached XP level 19. HP: 101/184 MP: 16/26
 38685 | Swamp:4  | Noticed Mara
 38690 | Swamp:4  | Got a decaying rune of Zot
 38695 | Swamp:4  | Noticed tsouns's illusion
 38930 | Orc:1    | Entered Level 1 of the Orcish Mines
 39210 | Orc:1    | Found Unolasin's Weapon Shoppe.
 39254 | Orc:1    | Noticed Nergalle
 39271 | Orc:1    | Killed Nergalle
 39948 | Orc:2    | Entered Level 2 of the Orcish Mines
 39948 | Orc:2    | Found Jurchopua's Magic Scroll Shop.
 39973 | Orc:2    | Found a staircase to the Elven Halls.
 39993 | Orc:2    | Bought a scroll of blinking for 90 gold pieces
 39993 | Orc:2    | Bought a scroll of teleportation for 36 gold pieces
 39993 | Orc:2    | Bought a scroll of summoning for 114 gold pieces
 39993 | Orc:2    | Bought a scroll of summoning for 114 gold pieces
 40962 | Orc:2    | Upgraded the game from 0.19-a0-1626-g5215c36 to 0.19-a0-1686-g35356ef
 41045 | Orc:2    | Found Jimikam's General Store.
 41046 | Orc:2    | Found Tun Sumn's Book Shop.
 41047 | Orc:2    | Found Exadd's Antique Armour Shop.
 41047 | Orc:2    | Found Daraup's Antique Weapon Boutique.
 41051 | Orc:2    | Bought a pair of embroidered gloves for 135 gold pieces
 41472 | Orc:2    | Bought a scroll of recharging for 114 gold pieces
 41472 | Orc:2    | Bought a scroll of identify for 24 gold pieces
 41472 | Orc:2    | Bought a scroll of identify for 24 gold pieces
 41472 | Orc:2    | Bought a scroll of identify for 24 gold pieces
 41613 | Depths:1 | Entered Level 1 of the Depths
 41629 | Depths:1 | Reached skill level 15 in Armour
 41894 | Depths:1 | Found a gateway to Hell.
 42021 | Depths:1 | Noticed a lich
 42039 | Depths:1 | Killed a lich
 42695 | Vaults:1 | Entered Level 1 of the Vaults
 43153 | Vaults:1 | Reached XP level 20. HP: 87/194 MP: 16/29
 43297 | Vaults:1 | Reached skill level 24 in Axes
 43959 | Vaults:2 | Gained mutation: You are partially covered in molten scales. (AC +2) [potion of beneficial mutation]
 43962 | Vaults:2 | Found Jootang's General Store.
 43966 | Vaults:2 | Bought a potion of heal wounds for 75 gold pieces
 43966 | Vaults:2 | Bought a scroll of magic mapping for 52 gold pieces
 43966 | Vaults:2 | Bought a scroll of brand weapon for 300 gold pieces
 43966 | Vaults:2 | Bought a meat ration for 75 gold pieces
 45151 | Vaults:2 | Found a staircase to the Crypt.
 45411 | Vaults:3 | Noticed a Tzitzimitl
 45412 | Vaults:3 | Noticed a Brimstone Fiend
 45499 | Vaults:3 | Found Vedoun's Distillery.
 45508 | Vaults:3 | Bought a potion of heal wounds for 65 gold pieces
 45508 | Vaults:3 | Bought a potion of heal wounds for 65 gold pieces
 45508 | Vaults:3 | Bought a potion of curing for 39 gold pieces
 45508 | Vaults:3 | Bought 2 potions of curing for 78 gold pieces
 45508 | Vaults:3 | Bought a potion of agility for 52 gold pieces
 46418 | Vaults:3 | Reached XP level 21. HP: 184/203 MP: 26/31
 46782 | Vaults:3 | Got a smoking arbalest
 46783 | Vaults:3 | Identified the cursed +1 arbalest of Evolution {penet, rElec Str+2 Dex+3} (You found it on level 3 of the Vaults)
 47050 | Vaults:3 | Reached skill level 10 in Evocations
 47244 | Vaults:3 | Reached skill level 25 in Axes
 48045 | Vaults:4 | Noticed Mennas
 48924 | Elf:1    | Entered Level 1 of the Elven Halls
 49021 | Elf:1    | HP: 10/204 [smoke demon/divine providence[a deep elf mage] (15)]
 49022 | Elf:1    | Killed from afar by a deep elf mage

Vault maps used:
D:1:      tarquinn_simple_flora_water_b, grunt_decor_one_mirror,
          minmay_misc_feat_encased, wad_floor_pattern_1
D:2:      uniq_jessica, uniq_iyjb, uniq_natasha, uniq_sigmund
D:3:      evilmike_ruin_ashenzari, grunt_ministairs_8, moated_statue,
          bh_walls_and_bars, uniq_robin
D:4:      serial_shops, kennysheep_mini, nicolae_shop_waterfront, first_bread,
          uniq_eustachio
D:5:      lemuel_doored_altar, overflow_temple_1_default, grunt_qazlal_clouds,
          xom_teletrap_fun, kennysheep_mini_moat, serial_glass, glass_columns_c,
          glass_columns_b, roderic_lattice_a, uniq_menkaure
D:6:      nicolae_tso_carved_into_rock, overflow_temple_1_default
D:7:      overflow_temple_1_default
D:8:      david_lair_generic, basic_altar, uniq_maurice, uniq_grum
D:9:      david_orc_3, serial_shops, shop, david_nohive_1
D:12:     serial_shops, bzr_in_the_mist, shop, minmay_misc_feat_chi
D:13:     serial_shops, shop, shop, nicolae_shop_temple_entry_statues_fountains
D:14:     david_vaults_2, grunt_dithmenos_smoke
D:15:     gammafunk_enter_depths_forms, serial_ice, serial_ice_a, serial_ice_j,
          serial_ice_f, serial_ice_n, serial_ice_c, serial_ice_e,
          minmay_misc_feat_enclosed, lab_entry_generic, serial_shops, shop,
          minivault_1, minivault_12
Lair:2:   roderic_batcave
Lair:3:   minmay_swamp_entry_reptiles, minmay_snake_entry_guardpost_medium,
          grunt_megastairs_5
Lair:5:   minivault_23, serial_bayou_shore_b, grunt_megastairs_4
Lair:6:   grunt_lair_end_beastmaster, minmay_slime_entry_pillars, uniq_kirke
Swamp:1:  evilmike_swamp_ruin_house_6, swamp_pool2, ldierk_geyser
Swamp:2:  evilmike_swamp_ruin_house_3
Swamp:3:  evilmike_swamp_ruin_house_5, uniq_roxanne
Swamp:4:  swamp_alternative, swamp_pool5, uniq_mara
Snake:1:  minmay_shop_grove
Snake:2:  grunt_megastairs_1, uniq_azrael, uniq_vashnia
Snake:3:  serial_shops, shop
Snake:4:  snake_pit_salamanders_mu, serial_bayou_shore_b
Orc:1:    minmay_goldmine, guppyfry_orc_lava_fort, uniq_nergalle
Orc:2:    st_orc_congregation, serial_shops, shop_scrolls
Elf:1:    portal_desolation_entry_ruin, minivault_28,
          nicolae_elf_big_sculpture_3
Vaults:1: hangedman_vaults_locks, vaults_room_hallway,
          nicolae_vaults_network_periphery, v_misc_18, hangedman_vaults_stream,
          hangedman_vaults_trim, nicolae_vaults_theta,
          nicolae_vaults_little_squares_3
Vaults:2: minmay_crypt_entry_vampire_xt, v_misc_1, grunt_vaults_twisty,
          ontoclasm_vaults_loading_screen, vaults_room_glass_cross,
          ontoclasm_vaults_chip, v_rooms_3, v_misc_19, ontoclasm_vaults_spin,
          nicolae_vaults_sealed_display, v_misc_19, serial_shops, shop
Vaults:3: v_pattern_1, v_alt_pattern_2, nicolae_vaults_branching_niches,
          grunt_vaults_hallway_long, grunt_vaults_hallway_long,
          vaults_room_door_ring, vaults_mumra_minichess,
          nicolae_vaults_yaktaur_gun_rack, serial_shops, shop
Vaults:4: vaults_room_semicircle, grunt_vaults_funnel, hangedman_vaults_trim,
          nicolae_vaults_three_branches, vaults_mumra_chevron_long,
          hangedman_vaults_maws, ontoclasm_vaults_bender, v_pattern_2,
          hangedman_vaults_hard_town_square, v_misc_5, vaults_room_hallway,
          nicolae_vaults_little_squares_6, vaults_room_grid,
          nicolae_vaults_little_ls, serial_shops, shop, uniq_mennas
Depths:1: grunt_mini_vestibule, nicolae_abyss_entry_one_way_or_another,
          minmay_crystal_room, hangedman_abyss_or_decor_stagger,
          hangedman_cracks_in_the_wall
Lab:      labyrinth_spiral, nicolae_lab_grate_2, labyrinth_skeletal_remains,
          nicolae_lab_x
Bazaar:   bazaar_minmay_trees

Skill      XL: |  1  2  3  4  5  6  7  8  9 10 11 12 13 14 15 16 17 18 19 20 21 |
---------------+----------------------------------------------------------------+-----
Axes           | 3 4 5 7 8 9 11 12 14 15 17 18 20 22 23 24 25 | 25.3
Fighting       | 4 5 6 8 9 10 11 13 15 16 18 19 20 21 | 21.2
Invocations    | 3 4 7 9 10 12 13 14 | 14.2
Armour         | 4 6 7 8 10 11 12 13 14 15 16 | 16.3
Dodging        | 3 6 7 9 10 11 12 | 12.4
Evocations     | 2 6 7 8 9 10 | 10.3
Stealth        | |  0.8

Action                   |  1- 3 |  4- 6 |  7- 9 | 10-12 | 13-15 | 16-18 | 19-21 || total
-------------------------+-------+-------+-------+-------+-------+-------+-------++-------
Melee: Hand axe          |    84 |   200 |   550 |   153 |    20 |       |       ||  1007
       Battleaxe         |       |       |       |   648 |   771 |    29 |    72 ||  1520
       Executioner's axe |       |       |       |       |   489 |  1155 |  1352 ||  2996
       Broad axe         |       |       |       |       |    48 |       |       ||    48
Invok: Banish            |       |       |       |     5 |     3 |     3 |       ||    11
       Bend Space        |       |       |       |       |     1 |     2 |       ||     3
       Brand Weapon With |       |       |       |       |     1 |       |       ||     1
       Corrupt           |       |       |       |       |       |     1 |       ||     1
 Abil: Evoke Invisibilit |       |       |       |       |       |       |     2 ||     2
Evoke: Wand              |       |       |       |     1 |     2 |     9 |    10 ||    22
       Fan of gales      |       |       |       |       |     2 |       |       ||     2
       Phial of floods   |       |       |       |       |     1 |     1 |     1 ||     3
  Use: Scroll            |     5 |     3 |     6 |     8 |    18 |     6 |    13 ||    59
       Potion            |       |     1 |       |     3 |     5 |     6 |     3 ||    18
 Stab: Invisible         |       |       |       |       |       |    13 |    20 ||    33
       Confused          |       |       |       |       |       |     1 |       ||     1
  Eat: Chunk             |       |     6 |    10 |    13 |     4 |       |     3 ||    36
       Beef jerky        |       |       |     1 |     2 |     3 |     1 |     2 ||     9
       Bread ration      |       |       |     1 |     1 |     2 |     7 |     6 ||    17
       Meat ration       |       |       |       |     1 |     2 |     1 |     1 ||     5
       Pizza             |       |       |       |     2 |       |     1 |       ||     3
       Fruit             |       |       |       |       |     6 |       |       ||     6
       Royal jelly       |       |       |       |       |     7 |       |       ||     7
Armor: Leather armour    |    14 |    34 |       |       |       |       |       ||    48
       Plate armour      |       |    27 |   300 |   568 |   833 |   892 |  1002 ||  3622
Dodge: Dodged            |    49 |    81 |   104 |   227 |   507 |   573 |   725 ||  2266
Block: Other             |       |       |    47 |   117 |   207 |    27 |       ||   398
       Reflection        |       |       |     1 |     3 |     7 |     3 |       ||    14
